 Dungeon Crawl Stone Soup version 0.19.4-8-ga85b6b9 (console) character file.

4525 Grinner the Grappler (level 10, -3/71 HPs)
             Began as a Minotaur Transmuter on Feb 8, 2017.
             Was a Follower of Okawaru.
             Slain by an unseen horror (7 damage)
             ... on level 9 of the Dungeon.
             The game lasted 00:26:39 (9750 turns).

Grinner the Grappler (Minotaur Transmuter)          Turns: 9750, Time: 00:26:39

Health: -3/71      AC:  5    Str: 15    XL:     10   Next: 17%
Magic:  11/11      EV: 22    Int: 13    God:    Okawaru [*.....]
Gold:   302        SH:  0    Dex: 11    Spells: 4 memorised, 2 levels left

rFire  . . .     SeeInvis .       - Unarmed
rCold  . . .     Gourm    .     u - +0 robe
rNeg   + . .     Faith    .     (no shield)
rPois  .         Spirit   .     (helmet restricted)
rElec  .         Reflect  .     (no cloak)
rCorr  .         Harm     .     k - +2 pair of gloves
MR     .....                    (no boots)
Stlth  +.........               (no amulet)
                                j - +6 ring of evasion
                                C - ring of positive energy

@: no status effects
A: retaliatory headbutt, horns 2
a: Heroism, Renounce Religion


You were on level 9 of the Dungeon.
You worshipped Okawaru.
Okawaru was aware of your devotion.
You were not hungry.

You visited 1 branch of the dungeon, and saw 9 of its levels.

You collected 392 gold pieces.
You spent 90 gold pieces at shops.

Inventory:

Missiles
 a - 182 arrows
Armour
 k - a +2 pair of gloves (worn)
 u - a +0 robe (worn)
Jewellery
 j - a +6 ring of evasion (right hand)
 n - an uncursed ring of protection from fire
 C - a ring of positive energy (left hand)
Wands
 e - a wand of flame (0/48)
 f - a wand of slowing (31/48)
 q - a wand of lightning (11/15)
Scrolls
 g - 3 scrolls of teleportation
 h - a scroll of magic mapping {unknown}
 r - a scroll of remove curse
 t - a scroll of amnesia
 y - a scroll of recharging
 B - a scroll of blinking
Potions
 l - 6 potions of flight
 m - a potion of magic
 p - a potion of cure mutation
 w - a potion of curing
 x - 2 potions of brilliance
 D - 2 potions of might
Books
 c - a book of Changes

   Spells                             Type                      Level
   a - Beastly Appendage              Transmutation                1
   b - Sticks to Snakes               Transmutation                2
   c - Spider Form                    Transmutation/Poison         3
   d - Ice Form                       Ice/Transmutation            4
   e - Blade Hands                    Transmutation                5
 o - a book of Frost

   Spells                             Type                      Level
   a - Freeze                         Ice                          1
   b - Throw Frost                    Conjuration/Ice              2
   c - Ozocubu's Armour               Charms/Ice                   3
   d - Throw Icicle                   Conjuration/Ice              4
   e - Summon Ice Beast               Ice/Summoning                4
 s - a book of Geomancy

   Spells                             Type                      Level
   a - Sandblast                      Earth                        1
   b - Passwall                       Transmutation/Earth          2
   c - Stone Arrow                    Conjuration/Earth            3
   d - Petrify                        Transmutation/Earth          4
   e - Lee's Rapid Deconstruction     Earth                        5
Comestibles
 b - a royal jelly
 d - 3 bread rations
 i - 3 meat rations
 v - a slice of pizza
 z - a fruit
 A - 4 chunks of flesh


   Skills:
 - Level 1.2 Fighting
 + Level 8.6 Dodging
 + Level 10.6 Unarmed Combat
 - Level 1.3 Spellcasting
 * Level 7.5 Transmutations


You had 2 spell levels left.
You knew the following spells:

 Your Spells              Type           Power        Failure   Level  Hunger
a - Ozocubu's Armour      Chrm/Ice       #.......     86%         3    ####...
p - Passwall              Tmut/Erth      ##........   10%         2    ###....
s - Spider Form           Tmut/Pois      ##........   17%         3    ####...
z - Beastly Appendage     Tmut           ###...       1%          1    ##.....


Dungeon Overview and Level Annotations

Branches:
Dungeon (9/15)             Temple (0/1) D:5
   Lair: D:8-11         Orc: D:9-12

Altars:
Ashenzari
Cheibriados
Elyvilon
Fedhas
Okawaru
Uskayaw

Shops:
D:4 %   D:8 ?


Innate Abilities, Weirdness & Mutations

You reflexively headbutt those who attack you in melee.
You have a pair of horns on your head.


Message History

Something hits you! Something barely misses you.
Okay, then.
Unknown command.
Something hits you but does no damage.
You hit something but do no damage. Something misses you. Something hits you.
* * * LOW HITPOINT WARNING * * *
You hit something. Something misses you. x2
You barely miss something. Something hits you.
* * * LOW HITPOINT WARNING * * *
You completely miss something. Something misses you.
You miss something. You headbutt something! Something completely misses you.
Something hits you.
* * * LOW HITPOINT WARNING * * *
Something hits you!
* * * LOW HITPOINT WARNING * * *
You hit something. You headbutt something. Something hits you.
* * * LOW HITPOINT WARNING * * *
Something hits you!
You die...

..............#
###......#.#.##
..............#
###......######
#........#
#......###
#......#
######.# # #@#
########..
#{###.......#
#...........#
#...........#
#...8....?..#
#...........#
#...........#
................
######..........


There were no monsters in sight!

Vanquished Creatures
  Pikel (D:4)
  2 hippogriffs
  Sigmund (D:4)
  2 hungry ghosts
  Menkaure (D:5)
  An ice beast (D:6)
  2 necrophages
  2 sky beasts
  5 ogres
  A phantom (D:6)
  4 centaurs
  2 bullfrogs (D:6)
  A gnoll sergeant (D:8)
  A wight (D:9)
  6 howler monkeys
  3 crimson imps
  A jelly (D:7)
  8 orc priests
  3 hounds
  5 bullfrog skeletons
  An iguana (D:8)
  11 orc wizards
  Ijyb (D:1)
  Natasha (thrice) (D:3)
  A worker ant (D:5)
  A killer bee zombie (D:6)
  2 hound zombies (D:9)
  A mummy (D:9)
  A howler monkey zombie (D:7)
  4 gnolls
  11 adders
  A shadow imp (D:5)
  An ooze (D:1)
  2 adder skeletons
  5 worms
  3 dart slugs
  5 leopard geckos
  38 orcs
  9 giant cockroaches
  9 goblins
  5 hobgoblins
  9 jackals
  7 quokkas
  A ball python (D:4)
  4 bats
  8 frilled lizards
  A jackal zombie (D:5)
  11 kobolds
  A leopard gecko skeleton (D:4)
  3 rats
212 creatures vanquished.

Vanquished Creatures (others)
  A dart slug (D:4)
  An orc (D:4)
  A quokka (D:4)
3 creatures vanquished.

Grand Total: 215 creatures vanquished

Notes
Turn   | Place    | Note
-------+----------+-------------------------------------------
     0 | D:1      | Grinner the Minotaur Transmuter began the quest for the Orb.
     0 | D:1      | Reached XP level 1. HP: 16/16 MP: 1/1
   206 | D:1      | Reached XP level 2. HP: 19/23 MP: 3/3
   282 | D:1      | Reached skill level 4 in Unarmed Combat
   623 | D:1      | Reached XP level 3. HP: 28/28 MP: 0/4
  1206 | D:2      | Noticed Ijyb
  1230 | D:1      | Killed Ijyb
  1230 | D:1      | Reached skill level 5 in Unarmed Combat
  1230 | D:1      | Reached XP level 4. HP: 15/35 MP: 5/5
  1705 | D:2      | Found a faded altar of an unknown god.
  2662 | D:3      | Reached XP level 5. HP: 22/40 MP: 4/6
  2756 | D:3      | Noticed an ogre
  2762 | D:3      | Noticed Natasha
  2762 | D:3      | Killed an ogre
  2762 | D:3      | Reached skill level 6 in Unarmed Combat
  2774 | D:3      | Killed Natasha
  2777 | D:3      | Reached XP level 6. HP: 25/47 MP: 7/7
  2859 | D:3      | Noticed Natasha
  2867 | D:3      | Killed Natasha
  2871 | D:3      | Noticed Natasha
  2878 | D:3      | Killed Natasha
  3458 | D:4      | Found Kynyi's Food Boutique.
  3619 | D:4      | Reached skill level 7 in Unarmed Combat
  3938 | D:4      | Noticed Pikel
  3938 | D:4      | Noticed a slave
  3939 | D:4      | Noticed a slave
  3949 | D:4      | Noticed a slave
  3951 | D:4      | Noticed a slave
  3962 | D:4      | Killed Pikel
  3962 | D:4      | Reached skill level 5 in Dodging
  3962 | D:4      | Reached skill level 8 in Unarmed Combat
  3962 | D:4      | Reached XP level 7. HP: 52/52 MP: 8/8
  4040 | D:4      | Learned a level 3 spell: Ozocubu's Armour
  4044 | D:4      | Learned a level 3 spell: Spider Form
  4097 | D:4      | Noticed Sigmund
  4105 | D:4      | Killed Sigmund
  4105 | D:4      | Reached XP level 8. HP: 26/59 MP: 7/9
  4134 | D:4      | Reached skill level 9 in Unarmed Combat
  5132 | D:5      | Entered Level 5 of the Dungeon
  5355 | D:5      | HP: 1/59 [orc wizard/dagger (2)]
  6067 | D:5      | Found a staircase to the Ecumenical Temple.
  6112 | D:5      | Noticed Menkaure
  6120 | D:5      | Killed Menkaure
  6195 | D:5      | Reached XP level 9. HP: 38/64 MP: 10/10
  6694 | D:6      | Reached skill level 5 in Transmutations
  6710 | D:6      | Learned a level 2 spell: Passwall
  6720 | D:6      | Found a shattered altar of Ashenzari.
  6788 | D:6      | Found a snail-covered altar of Cheibriados.
  6907 | D:6      | Reached skill level 10 in Unarmed Combat
  7657 | D:6      | Found a blossoming altar of Fedhas.
  8323 | D:7      | Got a shimmering scale mail
  8444 | D:7      | Found an iron altar of Okawaru.
  8454 | D:7      | Became a worshipper of Warmaster Okawaru
  8711 | D:8      | Found Noabb's Magic Scroll Boutique.
  8717 | D:8      | Bought a scroll of identify for 30 gold pieces
  8717 | D:8      | Bought a scroll of identify for 30 gold pieces
  8717 | D:8      | Bought a scroll of identify for 30 gold pieces
  8772 | D:8      | Found a hide-covered altar of Uskayaw.
  8964 | D:8      | Found a white marble altar of Elyvilon.
  9005 | D:8      | Found a shattered altar of Ashenzari.
  9069 | D:8      | Reached * piety under Okawaru
  9069 | D:8      | Reached XP level 10. HP: 63/71 MP: 9/11
  9750 | D:9      | Slain by an unseen horror

Skill      XL: |  1  2  3  4  5  6  7  8  9 |
---------------+----------------------------+-----
Unarmed Combat | 4 5 6 8 9 10 | 10.6
Dodging        | 3 4 5 6 7 8 |  8.6
Transmutations | 2 4 7 |  7.5
Fighting       | |  1.2
Spellcasting   | |  1.3

Action                   |  1- 3 |  4- 6 |  7- 9 | 10-12 || total
-------------------------+-------+-------+-------+-------++-------
Melee: Unarmed           |    77 |   217 |   375 |    84 ||   753
       Headbutt          |    12 |    18 |    40 |     8 ||    78
       Kick              |     3 |    16 |    39 |    17 ||    75
       Punch             |       |     4 |     7 |     3 ||    14
 Cast: Beastly Appendage |     2 |    14 |    32 |     4 ||    52
Evoke: Wand              |       |       |    11 |       ||    11
  Use: Potion            |     2 |     2 |     6 |       ||    10
       Scroll            |       |     6 |    12 |       ||    18
 Stab: Sleeping          |     2 |       |     3 |       ||     5
       Invisible         |       |     2 |       |       ||     2
  Eat: Chunk             |       |    10 |    20 |     3 ||    33
Armor: Robe              |    14 |    22 |    27 |    12 ||    75
       Skin              |       |     9 |    12 |       ||    21
Dodge: Dodged            |    44 |   113 |   236 |    57 ||   450
